 Dungeon Crawl Stone Soup version 0.31-a0-851-g7ff8af7976 (webtiles) character file.

Game seed: 2454998447658963434

1704154 Charly the Imperceptible (level 27, 161/161 HPs)
             Began as a Vine Stalker Brigand on Oct 6, 2023.
             Was a High Priest of Okawaru.
             Escaped with the Orb
             ... and 3 runes on Oct 7, 2023!
             The game lasted 03:58:12 (66354 turns).

Charly the Imperceptible (Vine Stalker Brigand)    Turns: 66354, Time: 03:58:13

Health: 161/161    AC: 40    Str: 23    XL:     27
Magic:  35/35      EV: 25    Int: 10    God:    Okawaru [*****.]
Gold:   1280       SH:  7    Dex: 28    Spells: 34/34 levels left

rFire   + + +        c - +3 quick blade (flame)
rCold   + + +        b - +0 buckler {rN+}
rNeg    + + .        U - +12 gold dragon scales
rPois   +            (helmet restricted)
rElec   +            W - scarf {repulsion}
rCorr   .            k - +2 pair of gloves "Ugefruor" {-Cast rElec rC+++ Will+}
SInv    .            x - +2 pair of boots {rampage}
Will    ++++.        z - amulet "Pairozao" {RegenMP rF++ Str+2}
Stlth   +            R - ring of Leaves {rC+ rN+ AC+4 Str+4}
HPRegen 1.26/turn    V - ring of the Hare {EV+10}
MPRegen 0.64/turn

%: no spellcasting, repel missiles, guardian spirit, rampage
@: no status effects
A: fangs 3, regeneration 1, magic shield, antimagic bite, no potion heal 2,
claws 1, horns 1, agile 1, deformed body, weak 1
0: Orb of Zot
}: 3/15 runes: barnacled, silver, gossamer
a: Renounce Religion, Heroism, Finesse, Duel


You escaped.
You worshipped Okawaru.
Okawaru was extremely pleased with you.
You visited 9 branches of the dungeon, and saw 47 of its levels.
You visited the Abyss 2 times.
You visited 1 bazaar.
You also visited: Gauntlet, Volcano and Wizlab.

You collected 10981 gold pieces.
You spent 9701 gold pieces at shops.

Inventory:

Hand Weapons
 a - a +4 heavy quick blade
 c - a +3 quick blade of flaming (weapon)
Missiles
 p - 4 poisoned darts
 r - 20 atropa-tipped darts (quivered)
 B - 6 throwing nets
 O - 23 curare-tipped darts
 Q - 3 datura-tipped darts
Armour
 b - a +0 buckler of positive energy (worn)
 k - the +2 pair of gloves "Ugefruor" (worn) {-Cast rElec rC+++ Will+}
   (Okawaru gifted it to you on level 5 of the Vaults)

   rC+++:     It renders you almost immune to cold.
   rElec:     It insulates you from electricity.
   Will+:     It increases your willpower.
   -Cast:     It prevents spellcasting.
 x - a +2 pair of boots of rampaging (worn)
 K - the +2 cloak of Xocaygiz {Int+4 SInv}
   (You found it on level 9 of the Dungeon)

   Int+4:     It affects your intelligence (+4).
   SInv:      It lets you see invisible.
 U - +12 gold dragon scales (worn)
 W - a scarf of repulsion (worn)
 Z - the +2 helmet "Xiliuc" {-Cast Rampage rPois SInv}
   (You found it on level 4 of the Vaults)

   rPois:     It protects you from poison SInv: It lets you see invisible.
   -Cast:     It prevents spellcasting.
   Rampage:   It bestows one free step when moving towards enemies.
Jewellery
 m - a ring of protection from fire
 t - a ring of positive energy
 z - the amulet "Pairozao" (around neck) {RegenMP rF++ Str+2}
   (You bought it in a shop on level 2 of the Orcish Mines)

   [amulet of magic regeneration]

   RegenMP:   It increases your rate of magic regeneration.
   Str+2:     It affects your strength (+2).
   rF++:      It greatly protects you from fire.
 C - the ring "Beitzouxe" {Ice rCorr MP+9 Int-5 Stlth+}
   (You found it on level 3 of the Elven Halls)

   [ring of ice]

   Ice:       It enhances your ice magic.
   Int-5:     It affects your intelligence (-5).
   rF-:       It makes you vulnerable to fire.
   rC+:       It protects you from cold.
   MP+9:      It affects your magic capacity (+9).
   rCorr:     It protects you from acid and corrosion.
   Stlth+:    It makes you more stealthy.
 R - the ring of Leaves (left hand) {rC+ rN+ AC+4 Str+4}
   (You bought it in a shop on level 2 of the Orcish Mines)

   [ring of protection]

   AC+4:      It affects your AC (+4).
   Str+4:     It affects your strength (+4).
   rC+:       It protects you from cold.
   rN+:       It protects you from negative energy.
 V - the ring of the Hare (right hand) {EV+10}
   (You bought it in a shop on level 2 of the Shoals)

   [ring of evasion]

   EV+10:     It affects your evasion (+10).
Wands
 n - a wand of acid (42)
 y - a wand of iceblast (58)
 G - a wand of flame (47)
 L - a wand of polymorph (16)
 S - a wand of digging (13)
 X - a wand of mindburst (31)
Scrolls
 d - 3 scrolls of silence
 g - 19 scrolls of teleportation
 h - 10 scrolls of revelation
 o - 6 scrolls of fear
 q - 5 scrolls of fog
 v - 9 scrolls of immolation
 F - 13 scrolls of poison
 H - 5 scrolls of vulnerability
 J - 12 scrolls of blinking
Potions
 e - 7 potions of ambrosia
 f - 8 potions of attraction
 i - 7 potions of brilliance
 j - 7 potions of berserk rage
 l - 39 potions of curing
 u - 8 potions of resistance
 w - 11 potions of might
 A - 2 potions of mutation
 D - 7 potions of magic
 E - 6 potions of lignification
 I - 5 potions of enlightenment
 M - 3 potions of invisibility
 N - 9 potions of haste
 P - 2 potions of cancellation
Miscellaneous
 s - a phial of floods
 T - a tin of tremorstones (2/2)


   Skills:
 - Level 22.0 Fighting
 - Level 14.0 Short Blades
 + Level 15.2 Throwing
 * Level 19.4 Armour
 - Level 14.0 Dodging
 - Level 22.0 Stealth
 - Level 5.0 Shields
 - Level 4.0 Spellcasting
 - Level 15.0 Invocations
 - Level 12.0 Evocations


You had 34 spell levels left.
You didn't know any spells.
Your spell library contained the following spells:

 Spells                   Type           Power      Damage    Failure   Level
 Apportation              Tloc           4%         N/A       99%         1
 Foxfire                  Conj/Fire      8%         2x1d4     99%         1
 Freeze                   Ice            8%         1d3       99%         1
 Kiss of Death            Conj/Necr      8%         2d6       99%         1
 Magic Dart               Conj           8%         1d3       99%         1
 Necrotise                Necr           8%         1d4       99%         1
 Sandblast                Erth           4%         2d4       99%         1
 Shock                    Conj/Air       8%         1d3       99%         1
 Slow                     Hex            8%         N/A       99%         1
 Sting                    Tmut/Pois      8%         1d3       99%         1
 Blink                    Tloc           4%         N/A       100%        2
 Cigotuvi's Dreadful Rot  Necr/Pois/Air  4%         N/A       100%        2
 Ensorcelled Hibernation  Hex/Ice        4%         N/A       100%        2
 Jinxbite                 Hex            4%         N/A       100%        2
 Passwall                 Tmut/Erth      1%         N/A       100%        2
 Scorch                   Fire           4%         2d5       100%        2
 Static Discharge         Conj/Air       4%         2-3/arc   100%        2
 Sublimation of Blood     Necr           2%         N/A       100%        2
 Wereblood                Tmut           2%         N/A       100%        2
 Confusing Touch          Hex            2%         N/A       100%        3
 Dazzling Flash           Conj/Hex       4%         N/A       100%        3
 Frozen Ramparts          Ice            4%         1d1       100%        3
 Hailstorm                Conj/Ice       2%         3d3       100%        3
 Ignite Poison            Fire/Tmut/Pois 2%         N/A       100%        3
 Inner Flame              Hex/Fire       2%         N/A       100%        3
 Mephitic Cloud           Conj/Pois/Air  2%         N/A       100%        3
 Ozocubu's Armour         Ice            2%         N/A       100%        3
 Stone Arrow              Conj/Erth      4%         3d7       100%        3
 Swiftness                Air            2%         N/A       100%        3
 Vampiric Draining        Necr           2%         2d6       100%        3
 Volatile Blastmotes      Fire/Tloc      4%         2d10      100%        3
 Airstrike                Air            1%         2d(1-17)  100%        4
 Brom's Barrelling Bould  Conj/Erth      2%         2d3       100%        4
 Cause Fear               Hex            1%         N/A       100%        4
 Dispel Undead            Necr           2%         3d7       100%        4
 Leda's Liquefaction      Hex/Erth       1%         N/A       100%        4
 Manifold Assault         Tloc           2%         N/A       100%        4
 Olgreb's Toxic Radiance  Pois           2%         N/A       100%        4
 Passage of Golubria      Tloc           2%         N/A       100%        4
 Petrify                  Tmut/Erth      2%         N/A       100%        4
 Vhi's Electric Charge    Tloc/Air       4%         N/A       100%        4
 Agony                    Necr           2%         N/A       100%        5
 Alistair's Intoxication  Tmut/Pois      1%         N/A       100%        5
 Arcjolt                  Conj/Air       1%         1d11      100%        5
 Borgnjor's Vile Clutch   Necr/Erth      1%         N/A       100%        5
 Fireball                 Conj/Fire      1%         3d3       100%        5
 Freezing Cloud           Conj/Ice/Air   1%         6-21      100%        5
 Irradiate                Conj/Tmut      1%         3d12      100%        5
 Iskenderun's Battlesphe  Conj           2%         2d6       100%        5
 Lee's Rapid Deconstruct  Erth           1%         3d4*      100%        5
 Silence                  Hex/Air        1%         N/A       100%        5
 Yara's Violent Unravell  Hex/Tmut       1%         3d3       100%        5
 Bombard                  Conj/Erth      1%         9d1       100%        6
 Conjure Ball Lightning   Conj/Air       1%         3x3d6     100%        6
 Dispersal                Tloc           1%         N/A       100%        6
 Eringya's Noxious Bog    Tmut/Pois      1%         4d6       100%        6
 Plasma Beam              Fire/Air       1%         2x1d11    100%        6
 Starburst                Conj/Fire      1%         6d3       100%        6
 Enfeeble                 Hex            1%         N/A       100%        7
 Orb of Destruction       Conj           1%         9d5       100%        7
 Ozocubu's Refrigeration  Ice            1%         4d7       100%        7
 Discord                  Hex            1%         N/A       100%        8
 Disjunction              Tloc           1%         N/A       100%        8
 Ignition                 Fire           1%         3d3       100%        8
 Lehudib's Crystal Spear  Conj/Erth      1%         10d2      100%        8
 Maxwell's Capacitive Co  Air            1%         ∞         100%        8
 Chain Lightning          Conj/Air       1%         3d1       100%        9
 Fire Storm               Conj/Fire      1%         7d1       100%        9
 Polar Vortex             Ice            1%         N/A       100%        9
 Shatter                  Erth           1%         3d5*      100%        9
 Call Imp                 Summ           Unusable   N/A       N/A         2
 Summon Guardian Golem    Hex/Summ       Unusable   N/A       N/A         3
 Animate Armour           Summ/Erth      Unusable   N/A       N/A         4
 Summon Ice Beast         Ice/Summ       Unusable   N/A       N/A         4
 Summon Lightning Spire   Summ/Air       Unusable   N/A       N/A         4
 Simulacrum               Ice/Necr       Unusable   N/A       N/A         6
 Spellforged Servitor     Conj/Summ      Unusable   N/A       N/A         7
 Dragon's Call            Summ           Unusable   N/A       N/A         9

Dungeon Overview and Level Annotations

Branches:
Dungeon (15/15)            Temple (0/1) D:6            Lair (5/5) D:10
 Shoals (4/4) Lair:3       Spider (4/4) Lair:2        Slime (0/5) Lair:4
    Orc (2/2) D:9             Elf (3/3) Orc:2        Vaults (5/5) D:13
  Crypt (0/3) Vaults:2     Depths (4/4) D:15            Zot (5/5) Depths:4
Volcano (visited)          WizLab (visited)         Gauntlet (visited)

Altars:
Ashenzari
Dithmenos
Elyvilon
Fedhas
Gozag
Hepliaklqana
Kikubaaqudgha
Nemelex Xobeh
Okawaru
Ru
Sif Muna
Vehumet
Xom
Yredelemnul
Zin
The Shining One
Jiyva

Shops:
Orc:2 !=(=   Elf:1 !*(   Elf:2 :   Elf:3 :   Shoals:1 **   Shoals:2 [(**
Vaults:2 ?*(   Vaults:4 [?[*=

Portals:
Hell: Depths:1 Depths:2 Depths:3 Depths:4
Abyss: Depths:1 Depths:3 Depths:4
Pandemonium: Depths:2 Depths:3
Ziggurat: Depths:3

Annotations:
Lair:5 exclusion: obsidian statue
Elf:1 1 runed translucent door
Zot:3 exclusion: door


Innate Abilities, Weirdness & Mutations

You have razor-sharp teeth.
Your natural rate of healing is unusually fast.
When hurt, damage is shared between your health and your magic reserves.
Your bite disrupts and absorbs the magic of your enemies.
Potions cannot restore your health.
You have sharp fingernails.
You have a pair of small horns on your head.
You are agile. (Dex +4, Str/Int -1)
Armour fits poorly on your strangely shaped body.
You are weak. (Str -2)


Message History

The Orb Guardian is lightly wounded.
You closely miss the Orb Guardian.
You headbutt the Orb Guardian, but do no damage.
Your bite misses the Orb Guardian. You hit the Orb Guardian.
You burn the Orb Guardian.
You headbutt the Orb Guardian, but do no damage.
You bite the Orb Guardian, but do no damage.
The Orb Guardian is lightly wounded.
The Orb Guardian misses you.
You barely miss the Orb Guardian.
You headbutt the Orb Guardian, but do no damage.
You bite the Orb Guardian. You drain its power.
You hit the Orb Guardian but do no damage.
You bite the Orb Guardian! You drain its power.
The Orb Guardian is moderately wounded.
The Orb Guardian completely misses you.
You hit the Orb Guardian. You burn the Orb Guardian.
You bite the Orb Guardian, but do no damage.
You hit the Orb Guardian. You burn the Orb Guardian.
You headbutt the Orb Guardian, but do no damage.
You bite the Orb Guardian! You drain its power.
The Orb Guardian is heavily wounded.
You miss the Orb Guardian.
You bite the Orb Guardian, but do no damage.
You hit the Orb Guardian. You burn the Orb Guardian.
You headbutt the Orb Guardian, but do no damage.
You bite the Orb Guardian!! You drain its power.
The Orb Guardian is almost dead.
The Orb Guardian hits you but does no damage.
You hit the Orb Guardian. You burn the Orb Guardian.
Your headbutt misses the Orb Guardian.
You bite the Orb Guardian, but do no damage.
You hit the Orb Guardian but do no damage.
You headbutt the Orb Guardian.
You kill the Orb Guardian!
Okawaru accepts your kill.
What level of the Dungeon? (default 1, ? - help) You're already here!
There is a staircase leading out of the dungeon here.
You have escaped!

..##......#######.######.........
#.##.##.#.#...#.###.##....###..##
..##.##.#...#.#...#..#.##.# #..#
...#.##.#####.###.##.#.)#.# #..#
...#.##.##....#....#.##.#.# #.##
...#.##.#..##.#..#......#.# #.#
...#....####..#..########.# #.#
...#######...###.#...#..#.# #.#
...+..# ##.#....@....#.##.###.###
...##.# #..#...#.###...#.........
......##########..#..####.#######
....#...#......#..#)##..#.#
.>..#.#.#.##.#....#....##.###
....#.#.#..#.##.###.#####.#.#
....#.#.##.#..#...#.#...#.#.#
###.#.#....##.###.#...#.#.#.#
....#.#..##############...#.#####


There were no monsters in sight!

Vanquished Creatures
  4 dread liches (Zot:5)
  8 orbs of fire
  An ancient lich (Zot:5)
  2 juggernauts
  Sojobo (Depths:1)
  Boris (Depths:1)
  Frederick (Vaults:2)
  4 Killer Klowns
  Parghit (Depths:3)
  A curse toe (Zot:2)
  18 golden dragons
  2 Brimstone Fiends
  4 electric golems
  14 tentacled monstrosities
  A Cloud Mage (WizLab)
  Zenata (Elf:2)
  Mlioglotl (Spider:2)
  4 deep elf blademasters
  An Ice Fiend (Depths:4)
  25 Orb Guardians
  A Hell Sentinel (D:15)
  4 liches
  Asterion (Elf:1)
  A walking frostbound tome (Depths:3)
  A walking earthen tome (Depths:4)
  7 death cobs
  6 titans
  Polyphemus (Shoals:4)
  7 quicksilver dragons
  6 sphinxes
  3 deep elf master archers (Elf:3)
  2 krakens
  6 shadow dragons
  10 storm dragons
  Frances (Elf:1)
  8 tengu reavers
  Kirke (Shoals:4)
  8 draconian monks
  9 draconian knights
  6 emperor scorpions
  2 iron dragons (Depths:2)
  10 deep elf sorcerers
  16 fire giants
  3 draconian scorchers
  A pandemonium lord (Depths:3)
  8 frost giants
  An angel (Shoals:4)
  10 vault wardens
  2 balrugs
  3 draconian shifters
  A cacodemon (Depths:1)
  8 ghost moths
  7 deep elf elementalists (Elf:3)
  Louise (Depths:4)
  7 stone giants
  8 draconian annihilators
  5 draconian stormcallers
  13 very ugly things
  A broodmother (Spider:2)
  The ghost of Tivuunur the Warrior, a journeyman MiFi of Gozag (D:14)
  4 formless jellyfish
  11 war gargoyles
  16 ironbound preservers
  11 ironbound thunderhulks
  A vampire knight (Depths:4)
  10 green draconians
  Azrael (Orc:2)
  An apis (Shoals:4)
  11 black draconians
  14 deep elf annihilators
  2 eleionomae (Shoals:2)
  2 lorocyprocas (Depths:2)
  9 purple draconians
  9 yellow draconians
  5 green deaths
  15 spark wasps
  17 dire elephants
  9 red draconians
  A minotaur (Gauntlet)
  6 white draconians
  3 crystal guardians
  4 fire dragons
  Josephine (D:12)
  3 blizzard demons (WizLab)
  6 deep elf death magi
  7 merfolk javelineers (Shoals:4)
  14 ettins
  10 yaktaur captains
  13 merfolk impalers
  A fire dragon (shapeshifter) (Depths:2)
  5 entropy weavers
  Harold (Orc:1)
  6 great orbs of eyes
  10 ice dragons
  10 deep elf high priests
  28 vault guards
  5 hydras
  A jorogumo (shapeshifter) (D:14)
  A hydra (shapeshifter) (Depths:2)
  5 merfolk avatars
  4 rakshasas
  5 ogre magi
  5 ghost crabs (WizLab)
  A peacekeeper (Vaults:3)
  3 jorogumos
  6 ironbound frosthearts
  6 spriggan air magi
  An anaconda (shapeshifter) (Depths:2)
  21 two-headed ogres
  13 centaur warriors
  A juggernaut simulacrum (Depths:2)
  5 radroaches
  2 catoblepae
  32 dancing weapons
  A death knight (D:13)
  2 deep troll shamans (Depths:1)
  3 merfolk aquamancers
  An alligator snapping turtle (Shoals:2)
  10 death yaks
  A tengu warrior (Depths:1)
  6 satyrs
  A satyr (shapeshifter) (Depths:2)
  2 two-headed ogres (shapeshifter) (Depths:2)
  A vampire mage (Depths:3)
  12 boulder beetles
  10 demonic crawlers
  A deep troll earth mage (Depths:2)
  Urug (Orc:1)
  2 soul eaters (Depths:1)
  2 sun demons
  2 holy swine (Shoals:4)
  2 spriggans (Depths:1)
  4 spriggan berserkers (Depths:1)
  A hell knight (Vaults:5)
  3 pharaoh ants
  22 deep elf knights
  5 skysharks
  4 cherubim (Shoals:4)
  A spectral anaconda (Lair:5)
  A shadow wraith (Vaults:5)
  2 shadow demons
  11 sea snakes
  2 sun moths
  2 spectral death yaks (Lair:5)
  3 glowing orange brains
  A death drake (WizLab)
  A sea snake (shapeshifter) (Vaults:5)
  10 orb spiders
  A glowing orange brain (shapeshifter) (Elf:2)
  2 flayed ghosts
  32 deep trolls
  2 obsidian statues
  18 deep elf archers
  25 deep elf pyromancers
  13 wizards
  6 harpies
  7 lindwurms
  4 steelbarb worms
  18 ironbound convokers
  3 orc knights
  A harpy (shapeshifter) (D:13)
  3 necromancers (Lair:5)
  5 oklob plants
  5 phantasmal warriors
  A shining eye (Depths:3)
  9 cyclopes
  20 wolf spiders
  23 deep elf zephyrmancers
  29 ugly things
  16 manticores
  A wolf spider (shapeshifter) (D:14)
  2 orc sorcerers
  20 fauns
  A salamander (shapeshifter) (Depths:3)
  34 moths of wrath
  11 elephants
  6 black mambas
  14 water nymphs
  6 smoke demons
  21 vault sentinels
  6 apocalypse crabs
  10 merfolk sirens
  A rust devil (D:11)
  6 torpor snails
  16 cane toads
  2 eyes of devastation (Depths:3)
  2 unseen horrors
  19 yaktaurs
  A kobold demonologist (D:12)
  4 rime drakes
  2 hellions (Elf:1)
  3 tengu conjurers
  2 efreet (D:13)
  10 komodo dragons
  10 freezing wraiths
  A tormentor (D:5)
  2 ice devils
  A queen bee (Lair:4)
  A red devil (Depths:1)
  2 hellwings (Depths:1)
  11 trolls
  A meliai (shapeshifter) (Vaults:5)
  6 meliai
  11 hornets
  35 merfolk
  A merfolk (shapeshifter) (Depths:2)
  2 polar bears
  3 wind drakes
  21 tarantellas
  A wolf spider simulacrum (D:14)
  8 blink frogs (Lair:4)
  A spectral elephant (Lair:5)
  2 raiju (shapeshifter) (D:13)
  A snapping turtle (shapeshifter) (Elf:1)
  6 dream sheep
  A dream sheep (shapeshifter) (Depths:2)
  9 snapping turtles
  A jumping spider (shapeshifter) (Elf:3)
  33 slime creatures
  7 wraiths
  19 jumping spiders
  A centaur simulacrum (D:14)
  22 culicivoras
  13 air elementals
  A dire elephant simulacrum (Lair:5)
  34 yaks
  5 fire bats
  6 ynoxinuls
  20 water elementals
  3 hogs (Shoals:4)
  2 chaos spawn
  13 wyverns
  A steam dragon (D:8)
  A basilisk (shapeshifter) (D:13)
  7 fire elementals
  2 humans (Shoals:4)
  2 neqoxecs
  15 basilisks
  50 redbacks
  13 vampire mosquitoes
  A harpy simulacrum (D:15)
  An acid dragon (D:9)
  4 wargs
  5 hell hounds
  19 water moccasins
  9 orc warriors
  A swamp drake (shapeshifter) (Vaults:5)
  4 sky beasts
  A black bear (Lair:1)
  18 ogres
  A boggart (shapeshifter) (D:14)
  7 wolves
  3 elephant zombies (Lair:5)
  3 boggarts
  19 centaurs
  A phantom (D:3)
  The ghost of Notanamesir the Caller, an amateur DESu (D:3)
  10 bullfrogs
  3 earth elementals
  2 kobold brigands
  2 scorpions
  3 wights (D:8)
  An elephant simulacrum (Lair:5)
  31 killer bees (Lair:4)
  8 electric eels
  6 howler monkeys
  4 lava snakes
  4 quasits (D:11)
  5 hounds
  A jelly (D:6)
  7 orc priests
  A gnoll bouda (D:9)
  4 iguanas
  4 iron imps (Gauntlet)
  17 orc wizards
  4 hell rats (Lair:4)
  14 gnolls
  7 adders
  A shadow imp (D:3)
  4 white imps
  2 worms
  A dart slug (D:3)
  65 orcs
  5 ball pythons
  5 endoplasms
  5 giant cockroaches
  5 goblins
  3 hobgoblins
  2 jackals (D:2)
  14 kobolds
  5 quokkas
  A bat (D:3)
  4 frilled lizards
  2 rats
  7 tentacles
2037 creatures vanquished.

Vanquished Creatures (collateral kills)
  A dread lich (Vaults:5)
  A golden dragon (Zot:4)
  2 Orb Guardians (Zot:5)
  A quicksilver dragon (Zot:5)
  3 storm dragons
  A draconian monk (Zot:1)
  4 draconian scorchers
  2 draconian annihilators (Zot:3)
  A stone giant (Depths:4)
  A broodmother (Spider:2)
  2 black draconians
  2 green draconians (Zot:4)
  3 spark wasps (Depths:1)
  A red draconian (Depths:4)
  A purple draconian (Zot:4)
  A white draconian (Zot:1)
  2 ettins
  A fire dragon (Depths:4)
  3 death yaks
  A two-headed ogre (Orc:2)
  A dancing weapon (Depths:2)
  A deep elf knight (Spider:2)
  2 pharaoh ants
  2 orb spiders
  2 ironbound convokers (Vaults:5)
  A steelbarb worm (Spider:2)
  An orc knight (Vaults:5)
  A deep elf archer (Spider:2)
  A wolf spider (Spider:2)
  A manticore (D:15)
  A cyclops (D:15)
  2 ugly things
  3 elephants (Lair:5)
  A moth of wrath (Zot:1)
  2 rust devils (D:11)
  A cane toad (Lair:5)
  A vault sentinel (Vaults:5)
  A komodo dragon (Lair:1)
  A rime drake (Lair:5)
  A freezing wraith (Vaults:5)
  A red devil (D:11)
  A troll (D:13)
  2 blink frogs (Lair:4)
  2 tarantellas
  2 slime creatures (D:15)
  3 jumping spiders (Spider:2)
  A culicivora (Spider:2)
  A wyvern (Lair:5)
  A wraith (D:13)
  11 yaks
  A basilisk (D:10)
  A neqoxec (D:11)
  A chaos spawn (D:11)
  2 wargs (Vaults:5)
  A hell hound (Spider:2)
  2 water moccasins
  An ogre (Orc:2)
  A scorpion (D:10)
  4 killer bees (Lair:4)
  An orc priest (D:10)
  A gnoll bouda (D:6)
  3 orc wizards
  A hell rat (Lair:4)
  An orc (D:10)
107 creatures vanquished.

Vanquished Creatures (others)
  A golden dragon (Depths:4)
  An Orb Guardian (Zot:5)
  A deep elf master archer (Elf:3)
  A storm dragon (Zot:2)
  A tengu reaver (Depths:1)
  2 draconian scorchers
  2 frost giants (Vaults:5)
  A stone giant (D:13)
  A draconian annihilator (Zot:5)
  A yellow draconian (Zot:2)
  2 spark wasps
  A merfolk javelineer (Shoals:4)
  An ettin (Depths:3)
  A yaktaur captain (Vaults:5)
  A deep elf high priest (Elf:3)
  2 merfolk aquamancers (Shoals:4)
  An anaconda (shapeshifter) (D:10)
  A death yak (Lair:3)
  2 shock serpents (WizLab)
  A deep elf archer (Elf:1)
  A deep elf zephyrmancer (Elf:1)
  2 deep elf pyromancers
  A wolf spider (Spider:1)
  2 ugly things (D:14)
  A moth of wrath (Zot:4)
  2 elephants (Lair:1)
  A cane toad (Lair:3)
  A yaktaur (Vaults:2)
  A merfolk (Shoals:4)
  4 air elementals (WizLab)
  A water elemental (D:15)
  6 yaks
  2 wyverns
  A water moccasin (D:10)
  An orc warrior (Orc:1)
  An ogre (Orc:2)
  A bullfrog (Lair:3)
  A killer bee (Lair:4)
  3 orc wizards
  A hell rat (Lair:4)
  An ufetubus (Depths:3)
  15 tentacles
75 creatures vanquished.

Grand Total: 2219 creatures vanquished

Notes
Turn   | Place    | Note
-------+----------+-------------------------------------------
     0 | D:1      | Charly the Vine Stalker Brigand began the quest for the
                  | Orb.
     0 | D:1      | Reached XP level 1. HP: 11/11 MP: 2/2
   196 | D:1      | Reached skill level 5 in Stealth
   296 | D:1      | Reached XP level 2. HP: 15/15 MP: 3/3
   917 | D:2      | Found a glowing silver altar of Zin.
  1232 | D:2      | Reached XP level 3. HP: 18/18 MP: 4/4
  1405 | D:3      | Found an iron altar of Okawaru.
  1515 | D:3      | Became a worshipper of Warmaster Okawaru
  1592 | D:3      | Reached XP level 4. HP: 22/23 MP: 5/5
  1825 | D:3      | Found a runed translucent gate.
  1825 | D:3      | Found a runed translucent gate.
  1825 | D:3      | Found a runed translucent gate.
  1826 | D:3      | Found an opulent altar of Gozag.
  1827 | D:3      | Noticed Notanamesir's ghost (amateur DESu)
  1828 | D:3      | Noticed a bullfrog
  1993 | D:3      | Reached XP level 5. HP: 10/28 MP: 1/6
  2195 | D:3      | Found a glowing golden altar of the Shining One.
  2548 | D:4      | Found a radiant altar of Vehumet.
  2550 | D:4      | Noticed a phantom
  2565 | D:3      | Killed a phantom
  2580 | D:4      | Reached XP level 6. HP: 32/32 MP: 7/7
  2718 | D:4      | Found a shimmering altar of Xom.
  2935 | D:4      | You fall into a shaft and drop 3 floors!
  3079 | D:7      | Noticed a sky beast
  3096 | D:7      | Killed a sky beast
  3298 | D:7      | Noticed a wyvern
  3312 | D:7      | Killed a wyvern
  3312 | D:7      | Reached * piety under Okawaru
  3313 | D:7      | Reached XP level 7. HP: 38/38 MP: 8/8
  3407 | D:5      | Entered Level 5 of the Dungeon
  3511 | D:5      | Reached skill level 1 in Invocations
  4201 | D:6      | Reached ** piety under Okawaru
  4202 | D:6      | Gained mutation: You have razor-sharp teeth. [Vine Stalker
                  | growth]
  4202 | D:6      | Reached XP level 8. HP: 42/42 MP: 10/10
  4233 | D:6      | Found a sacrificial altar of Ru.
  4273 | D:6      | Reached skill level 5 in Fighting
  4423 | D:6      | Reached skill level 5 in Short Blades
  4513 | D:6      | Found a staircase to the Ecumenical Temple.
  5305 | D:8      | Found a basalt altar of Yredelemnul.
  5339 | D:8      | Reached skill level 1 in Spellcasting
  5459 | D:8      | Reached XP level 9. HP: 45/48 MP: 12/12
  5518 | D:8      | Identified the ring "Vymafiva" {rPois SInv}
  5589 | D:8      | Found a white marble altar of Elyvilon.
  5615 | D:8      | Found a broken altar of Ashenzari.
  6120 | D:9      | Reached *** piety under Okawaru
  6243 | D:9      | Found a blossoming altar of Fedhas.
  6255 | D:9      | Found a shimmering blue altar of Sif Muna.
  6379 | D:9      | Found a staircase to the Orcish Mines.
  6530 | D:9      | Noticed a hornet
  6537 | D:9      | Killed a hornet
  6538 | D:9      | Reached skill level 10 in Stealth
  6565 | D:9      | Noticed a hornet
  6580 | D:9      | Killed a hornet
  6631 | D:9      | Reached XP level 10. HP: 53/53 MP: 14/14
  6660 | D:9      | Identified the +2 cloak of Xocaygiz {Int+4 SInv}
  6923 | D:9      | Found a hazy altar of Hepliaklqana.
  6924 | D:9      | Found a shadowy altar of Dithmenos.
  6980 | D:10     | Entered Level 10 of the Dungeon
  6980 | D:10     | Noticed a manticore
  6980 | D:10     | Noticed a deep elf pyromancer
  6980 | D:10     | Noticed a centaur warrior
  6980 | D:10     | Found a transporter.
  6982 | D:10     | Noticed a deep elf pyromancer
  6982 | D:10     | Noticed a deep elf archer
  6982 | D:10     | Noticed a centaur warrior
  6983 | D:10     | Noticed a deep elf knight
  7005 | D:10     | Reached skill level 5 in Invocations
  7097 | D:10     | Reached **** piety under Okawaru
  7117 | D:10     | Reached skill level 1 in Evocations
  7288 | D:10     | Noticed a two-headed ogre
  7332 | D:10     | Killed a two-headed ogre
  7451 | D:10     | Found a staircase to the Lair.
  7761 | D:10     | Found a transporter.
  7764 | D:10     | Noticed a cyclops
  7791 | D:10     | a cyclops changed into a komodo dragon
  7926 | D:10     | Noticed an orc knight
  7945 | D:10     | Killed an orc knight
  7945 | D:10     | Reached ***** piety under Okawaru
  7946 | D:10     | Reached XP level 11. HP: 58/58 MP: 16/16
  8040 | D:10     | Noticed a two-headed ogre
  8063 | D:10     | Killed a two-headed ogre
  8227 | D:10     | Identified the +4 trident of Defiance {holy, rPois rN+
                  | Str+3}
  8318 | Lair:1   | Entered Level 1 of the Lair of Beasts
  8493 | Lair:1   | Found a radiant altar of Vehumet.
  9289 | Lair:1   | Noticed an eight-headed hydra
  9577 | Lair:1   | Killed an eight-headed hydra
  9637 | Lair:1   | Reached skill level 10 in Short Blades
  9726 | Lair:1   | Reached XP level 12. HP: 52/65 MP: 12/19
 10227 | Lair:2   | Noticed a skyshark
 10239 | Lair:2   | Killed a skyshark
 10348 | Lair:2   | Reached skill level 5 in Evocations
 10661 | Lair:2   | Received a gift from Okawaru
 10764 | Lair:2   | Found a hole to the Spider Nest.
 11217 | Lair:3   | Noticed a death yak
 11217 | Lair:3   | Noticed a death yak
 11221 | Lair:3   | Noticed a death yak
 11245 | Lair:2   | Killed a death yak
 11315 | Lair:3   | Noticed a death yak
 11315 | Lair:3   | Noticed a death yak
 11315 | Lair:3   | Noticed a death yak
 11347 | Lair:2   | Killed a death yak
 11543 | Lair:3   | Found a staircase to the Shoals.
 11597 | Lair:3   | Noticed a boulder beetle
 11957 | Lair:3   | Killed a death yak
 11963 | Lair:3   | Killed a death yak
 11980 | Lair:3   | Killed a death yak
 11980 | Lair:3   | Killed a death yak
 12484 | Lair:3   | Identified the ring of Reociklo {rC+ rN+++ Will- Str+5}
 12748 | Lair:4   | Found a dark tunnel.
 12752 | Lair:4   | Reached XP level 13. HP: 70/70 MP: 19/21
 12756 | Volcano  | Entered a volcano
 13012 | Lair:4   | Found a viscous altar of Jiyva.
 13014 | Lair:4   | Found a staircase to the Slime Pits.
 13153 | Lair:4   | HP: 5/105 [poisoned by a black mamba]
 13670 | Lair:4   | Reached skill level 10 in Invocations
 14270 | Lair:4   | Reached skill level 10 in Fighting
 15285 | Lair:4   | Found a viscous altar of Jiyva.
 15285 | Lair:4   | Found a staircase to the Slime Pits.
 15521 | Lair:5   | Entered Level 5 of the Lair of Beasts
 15922 | D:3      | Killed Notanamesir's ghost
 16232 | D:11     | Reached skill level 1 in Dodging
 16549 | D:11     | Reached XP level 14. HP: 77/77 MP: 22/22
 17007 | D:12     | Noticed Josephine
 17015 | D:12     | Killed Josephine
 17184 | D:12     | Reached skill level 15 in Stealth
 17844 | D:13     | Found a gate to the Vaults.
 18549 | D:13     | Noticed a stone giant
 19608 | Lair:5   | Noticed a dire elephant
 19608 | Lair:5   | Noticed a dire elephant
 19609 | Lair:5   | Noticed a dire elephant
 19982 | Lair:5   | Noticed a dire elephant
 19997 | Lair:5   | Killed a dire elephant
 20038 | Lair:5   | Reached XP level 15. HP: 68/82 MP: 20/24
 20513 | Lair:4   | Received a gift from Okawaru
 21282 | D:14     | Reached skill level 1 in Armour
 21544 | D:14     | Found a transporter.
 21546 | D:14     | Found a transporter.
 21546 | D:14     | Noticed Tivuunur's ghost (journeyman MiFi)
 21582 | D:14     | Noticed a frost giant
 21805 | D:15     | Entered Level 15 of the Dungeon
 21907 | D:15     | Found a gate leading to a gauntlet.
 21915 | Gauntlet | Entered a Gauntlet
 21915 | Gauntlet | Found a transporter.
 21922 | Gauntlet | Found a transporter.
 21924 | Gauntlet | Found a transporter.
 21935 | Gauntlet | Found a transporter.
 21938 | Gauntlet | Found a transporter.
 21949 | Gauntlet | Found a transporter.
 21968 | Gauntlet | Found a transporter.
 21976 | Gauntlet | Found a transporter.
 21988 | Gauntlet | Found a transporter.
 21993 | Gauntlet | Found a transporter.
 22008 | Gauntlet | Found a transporter.
 22018 | Gauntlet | Found a transporter.
 22018 | Gauntlet | Found a transporter.
 22073 | Gauntlet | Found a transporter.
 22257 | Gauntlet | Identified the amulet "Yhasoc" {Reflect +Blink MP-9 Str+2
                  | Int+2 SH+5}
 22274 | Gauntlet | Identified the +8 broad axe "Nowomarui" {protect, Will+
                  | Int+2}
 22280 | Gauntlet | Reached skill level 5 in Dodging
 22286 | Gauntlet | Identified the staff of the Hurting Queen {Fragile rElec
                  | rN++ Int+4 Earth}
 22701 | D:15     | Identified the ring of Cued {Wiz rN++ Dex+3}
 22925 | D:15     | Found a staircase to the Depths.
 23366 | D:11     | Reached skill level 5 in Throwing
 23589 | D:10     | Reached XP level 16. HP: 74/88 MP: 16/25
 23609 | D:10     | Got a humming book
 23711 | Orc:1    | Entered Level 1 of the Orcish Mines
 23788 | Orc:1    | Noticed Urug
 23819 | Orc:1    | Killed Urug
 24003 | Orc:1    | Noticed Harold
 24010 | Orc:1    | Killed Harold
 24210 | Orc:2    | Entered Level 2 of the Orcish Mines
 24314 | Orc:2    | Noticed Azrael
 24322 | Orc:2    | Found a staircase to the Elven Halls.
 24324 | Orc:2    | Killed Azrael
 24544 | Orc:2    | Found Qageret's Jewellery Shop.
 24549 | Orc:2    | Found Buop Yrgh's Weapon Shoppe.
 24621 | Orc:2    | Found Kuom's Jewellery Boutique.
 24622 | Orc:2    | Found Seiwuinyt's Distillery.
 24624 | Orc:2    | Bought 5 curare-tipped darts for 78 gold pieces
 24635 | Orc:2    | Bought a potion of cancellation for 96 gold pieces
 24635 | Orc:2    | Bought 2 potions of curing for 72 gold pieces
 24635 | Orc:2    | Bought 2 potions of curing for 72 gold pieces
 24635 | Orc:2    | Bought a potion of curing for 36 gold pieces
 24635 | Orc:2    | Bought a potion of might for 48 gold pieces
 24635 | Orc:2    | Bought a potion of resistance for 120 gold pieces
 25013 | Orc:2    | Bought the amulet of Wykutzo {Reflect rElec rPois Str-3
                  | SH+5 SInv} for 553 gold pieces
 25024 | Orc:2    | Bought a ring of willpower for 300 gold pieces
 25034 | Orc:2    | Bought the ring of Leaves {rC+ rN+ AC+4 Str+4} for 876 gold
                  | pieces
 25215 | Spider:1 | Entered Level 1 of the Spider Nest
 25560 | Spider:1 | Received a gift from Okawaru
 25709 | Arena    | Entered the Arena
 26653 | Spider:2 | Noticed Mlioglotl
 26662 | Spider:2 | Killed Mlioglotl
 26890 | Spider:2 | Reached XP level 17. HP: 88/95 MP: 24/27
 27118 | Spider:2 | Identified the +3 chain mail "Malu" {Str+6 Int+3}
 27389 | Spider:2 | Reached skill level 5 in Armour
 29837 | Spider:4 | Entered Level 4 of the Spider Nest
 30290 | Spider:4 | Reached XP level 18. HP: 55/102 MP: 1/28
 30489 | Spider:4 | Got a gossamer rune of Zot
 31029 | Shoals:1 | Entered Level 1 of the Shoals
 31165 | Shoals:1 | Received a gift from Okawaru
 31166 | Shoals:1 | Found Koriwidd's General Store.
 31444 | Shoals:1 | Bought a potion of haste for 100 gold pieces
 31444 | Shoals:1 | Bought 2 potions of curing for 60 gold pieces
 31479 | Shoals:1 | Identified the ring of Piopim {rPois AC+4 Str+4 SInv}
 31717 | Shoals:1 | Found Laciysk's Gadget Gallery.
 31725 | Shoals:1 | Bought a tin of tremorstones (2/2) for 480 gold pieces
 32660 | Shoals:2 | Found Pinlid's Visitors' Centre.
 32738 | Shoals:2 | Found Pinlid's Merfolk Weapons.
 32738 | Shoals:2 | Found Pinlid's Merfolk Magic.
 32738 | Shoals:2 | Found Pinlid's Merfolk Armours.
 32800 | Shoals:2 | Bought 4 curare-tipped darts for 76 gold pieces
 32969 | Shoals:2 | Received a gift from Okawaru
 33081 | Shoals:2 | Reached skill level 15 in Fighting
 33238 | Shoals:3 | Reached skill level 10 in Evocations
 33337 | Shoals:3 | Found a shimmering altar of Xom.
 33429 | Shoals:3 | Received a gift from Okawaru
 33873 | Shoals:4 | Entered Level 4 of the Shoals
 33873 | Shoals:4 | Noticed Kirke
 33883 | Shoals:4 | Reached XP level 19. HP: 105/108 MP: 27/30
 33886 | Shoals:4 | Killed Kirke
 33906 | Shoals:4 | Found a white marble altar of Elyvilon.
 34045 | Shoals:4 | Noticed Polyphemus
 34058 | Shoals:4 | Killed Polyphemus
 34378 | Shoals:4 | Found a glowing silver altar of Zin.
 34862 | Shoals:4 | Found a glowing golden altar of the Shining One.
 34976 | Shoals:4 | Found the +9 staff of Olgreb {rPois∞}
 34985 | Shoals:4 | Got a barnacled rune of Zot
 35522 | Vaults:1 | Entered Level 1 of the Vaults
 35572 | Vaults:1 | Reached skill level 1 in Shields
 35784 | Vaults:1 | Received a gift from Okawaru
 36059 | Vaults:1 | Reached XP level 20. HP: 83/115 MP: 21/31
 36802 | Vaults:1 | Identified the +3 quarterstaff of Parts Unknown {heavy,
                  | rPois}
 36843 | Vaults:1 | Received a gift from Okawaru
 37218 | Shoals:2 | Bought the ring of the Hare {EV+10} for 1536 gold pieces
 37218 | Shoals:2 | Found the ring of the Hare {EV+10}
 37594 | Vaults:2 | Found Jidaumpy's Weapon Emporium.
 37626 | Vaults:2 | Found a magical portal.
 37631 | WizLab   | Entered The Chambers of the Cloud Mage
 37644 | WizLab   | Paralysed by an air elemental for 1 turns
 37647 | WizLab   | Paralysed by an air elemental for 1 turns
 37677 | WizLab   | Paralysed by an air elemental for 1 turns
 38046 | WizLab   | Paralysed by an air elemental for 1 turns
 38057 | WizLab   | Noticed Levykhlitz
 38111 | WizLab   | Killed Levykhlitz the Cloud Mage
 38150 | WizLab   | Got a dusty book
 38165 | WizLab   | Got a vibrating book
 38430 | Vaults:2 | Found Ysieteqo's General Store.
 38650 | Vaults:2 | Found Qieroca's Magic Scroll Emporium.
 38658 | Vaults:2 | Bought a scroll of blinking for 165 gold pieces
 38912 | Vaults:2 | Noticed Frederick
 38914 | Vaults:2 | Reached skill level 10 in Dodging
 38914 | Vaults:2 | Identified a scroll of acquirement
 38933 | Vaults:2 | Killed Frederick
 38961 | Vaults:2 | Received a gift from Okawaru
 39042 | Vaults:2 | Acquired 770 gold pieces
 39166 | Vaults:2 | Found a staircase to the Crypt.
 39166 | Vaults:2 | Found an ancient bone altar of Kikubaaqudgha.
 39167 | Vaults:2 | Found a basalt altar of Yredelemnul.
 39178 | Vaults:2 | Reached skill level 5 in Shields
 39436 | Vaults:2 | Bought 2 scrolls of enchant weapon for 330 gold pieces
 39436 | Vaults:2 | Bought a scroll of blinking for 165 gold pieces
 39532 | Vaults:2 | Bought a scroll of fog for 76 gold pieces
 39532 | Vaults:2 | Bought a potion of curing for 57 gold pieces
 39532 | Vaults:2 | Bought a potion of curing for 57 gold pieces
 39636 | Vaults:3 | Found a flickering gateway to a bazaar.
 39643 | Bazaar   | Entered a bazaar
 39643 | Bazaar   | Found Seupara's Antique Weapon Shoppe.
 39660 | Bazaar   | Found Becif's Antique Armour Emporium.
 39662 | Bazaar   | Found Hiub's Antique Weapon Boutique.
 39671 | Bazaar   | Found Jirit's Distillery.
 39682 | Bazaar   | Found Izoq's Distillery.
 39690 | Bazaar   | Bought a potion of haste for 120 gold pieces
 39690 | Bazaar   | Bought a potion of haste for 120 gold pieces
 39815 | Vaults:3 | Reached skill level 15 in Invocations
 39911 | Vaults:3 | Reached XP level 21. HP: 121/121 MP: 33/33
 39962 | Vaults:3 | Received a gift from Okawaru
 40007 | Vaults:3 | Paralysed by a formless jellyfish for 1 turns
 40020 | Vaults:3 | Identified the +2 hand axe "Hikunkam" {holy, rF- Str+4}
 40538 | Vaults:3 | Paralysed by a formless jellyfish for 1 turns
 40678 | Vaults:3 | Noticed a golden dragon
 40680 | Vaults:3 | Killed a golden dragon
 41193 | Vaults:4 | Found Quabbok's Assorted Antiques.
 41328 | Vaults:4 | Found a huge runed gate.
 41328 | Vaults:4 | Found a huge runed gate.
 41328 | Vaults:4 | Found a huge runed gate.
 41328 | Vaults:4 | Found a huge runed gate.
 41328 | Vaults:4 | Found a huge runed gate.
 41328 | Vaults:4 | Found a huge runed gate.
 41328 | Vaults:4 | Found a huge runed gate.
 41329 | Vaults:4 | Found a huge runed gate.
 41329 | Vaults:4 | Found a huge runed gate.
 41329 | Vaults:4 | Found a huge runed gate.
 41336 | Vaults:4 | Found a huge runed gate.
 41336 | Vaults:4 | Found a huge runed gate.
 41336 | Vaults:4 | Found a huge runed gate.
 41336 | Vaults:4 | Found a huge runed gate.
 41336 | Vaults:4 | Found a huge runed gate.
 41336 | Vaults:4 | Found a huge runed gate.
 41337 | Vaults:4 | Found a huge runed gate.
 41338 | Vaults:4 | Found a huge runed gate.
 41339 | Vaults:4 | Found a huge runed gate.
 41347 | Vaults:4 | Found a huge runed gate.
 41347 | Vaults:4 | Found a huge runed gate.
 41347 | Vaults:4 | Found a huge runed gate.
 41347 | Vaults:4 | Found a huge runed gate.
 41347 | Vaults:4 | Found a huge runed gate.
 41347 | Vaults:4 | Found a huge runed gate.
 41348 | Vaults:4 | Found a huge runed gate.
 41357 | Vaults:4 | Found a huge runed gate.
 41358 | Vaults:4 | Found a huge runed gate.
 41368 | Vaults:4 | Found a huge runed gate.
 41368 | Vaults:4 | Found a huge runed gate.
 41368 | Vaults:4 | Found a huge runed gate.
 41368 | Vaults:4 | Found a huge runed gate.
 41368 | Vaults:4 | Found a huge runed gate.
 41368 | Vaults:4 | Found a huge runed gate.
 41369 | Vaults:4 | Found a huge runed gate.
 41369 | Vaults:4 | Found a huge runed gate.
 41399 | Vaults:4 | Found Loxiobrengea's Magic Scroll Emporium.
 41399 | Abyss:2  | Found a huge runed gate.
 41399 | Abyss:2  | Found a huge runed gate.
 41399 | Abyss:2  | Found a huge runed gate.
 41399 | Abyss:2  | Found a huge runed gate.
 41399 | Abyss:2  | Found a huge runed gate.
 41399 | Abyss:2  | Found a huge runed gate.
 41399 | Abyss:2  | Found a huge runed gate.
 41399 | Abyss:2  | Cast into level 2 of the Abyss (a wizard)
 41420 | Abyss:2  | Found a sacrificial altar of Ru.
 41427 | Vaults:4 | Escaped the Abyss
 41518 | Vaults:4 | Found Piammer's Armour Shop.
 41525 | Vaults:4 | Found Kuibb's Antique Armour Shoppe.
 41585 | Vaults:4 | Received a gift from Okawaru
 41605 | Vaults:4 | Identified the +2 helmet "Xiliuc" {-Cast Rampage rPois
                  | SInv}
 42108 | Vaults:4 | Found Asur's Jewellery Shop.
 42599 | Elf:1    | Entered Level 1 of the Elven Halls
 42599 | Elf:1    | Found a runed translucent gate.
 42599 | Elf:1    | Found a runed translucent gate.
 42599 | Elf:1    | Found a runed translucent gate.
 42599 | Elf:1    | Found a runed translucent gate.
 42599 | Elf:1    | Found a runed translucent gate.
 42599 | Elf:1    | Found a runed translucent gate.
 42600 | Elf:1    | Found a runed translucent door.
 42617 | Elf:1    | Found a runed translucent door.
 42742 | Elf:1    | Noticed Asterion
 42758 | Elf:1    | Killed Asterion
 42887 | Elf:1    | Found Osakk's Weapon Boutique.
 43045 | Elf:1    | Noticed Frances
 43048 | Elf:1    | Killed Frances
 43048 | Elf:1    | Received a gift from Okawaru
 43139 | Elf:1    | Found Tiqao's Distillery.
 43317 | Elf:1    | Found Jaruty's Assorted Antiques.
 43621 | Elf:1    | Found the +6 arbalest "Damnation" {damnation}
 43716 | Elf:2    | Noticed Zenata
 43732 | Elf:2    | Killed Zenata
 43733 | Elf:2    | Reached XP level 22. HP: 130/130 MP: 34/34
 43758 | Elf:2    | Found a runed translucent gate.
 43758 | Elf:2    | Found a runed translucent gate.
 43758 | Elf:2    | Found a runed translucent gate.
 43978 | Elf:2    | Found a shimmering blue altar of Sif Muna.
 44060 | Elf:2    | Found Ofuirhet's Book Emporium.
 44839 | Elf:2    | Received a gift from Okawaru
 45035 | Elf:3    | Entered Level 3 of the Elven Halls
 45471 | Elf:3    | Received a gift from Okawaru
 45781 | Elf:3    | Identified the +3 plate armour of the Summoning Gods
                  | {Str+2}
 45816 | Elf:3    | Identified the ring of Xom's Malicious Joy {rPois rN+ Str-4
                  | Int+9}
 45823 | Elf:3    | Identified the staff of Termination {rF+ rN+ Necro}
 45828 | Elf:3    | Identified the +1 leather armour of Suhauq {rPois rF- rN+
                  | Regen+}
 45830 | Elf:3    | Got a thrumming book
 45840 | Elf:3    | Identified the ring "Beitzouxe" {Ice rCorr MP+9 Int-5
                  | Stlth+}
 45933 | Elf:3    | Identified the +3 halberd "Riho" {spect, Str+3}
 46155 | Elf:3    | Found Lusianann's Book Boutique.
 46372 | Elf:3    | Found Lusianann's Book Boutique.
 47164 | Vaults:4 | Bought a scroll of enchant weapon for 97 gold pieces
 47413 | Elf:1    | Bought a scroll of fear for 140 gold pieces
 47413 | Elf:1    | Bought a scroll of fog for 140 gold pieces
 47678 | Vaults:4 | Bought a +2 buckler of reflection for 351 gold pieces
 47881 | D:14     | Received a gift from Okawaru
 47927 | D:14     | Killed Tivuunur's ghost
 47942 | D:14     | Identified the +3 hand axe of Ytwyl {flame, *Noise rPois
                  | rC+ Int+2}
 48031 | Depths:1 | Entered Level 1 of the Depths
 48031 | Depths:1 | Found a shimmering blue altar of Sif Muna.
 48065 | Depths:1 | Found a one-way gate to the infinite horrors of the Abyss.
 48168 | Depths:1 | Reached XP level 23. HP: 137/137 MP: 35/35
 48256 | Depths:1 | Received a gift from Okawaru
 48258 | Depths:1 | Noticed Sojobo
 48298 | Depths:1 | Paralysed by an air elemental for 1 turns
 48325 | Depths:1 | Killed Sojobo
 48476 | Depths:1 | Found a sparkling altar of Nemelex Xobeh.
 48476 | Depths:1 | Noticed Boris
 48478 | Depths:1 | Killed Boris
 48772 | Depths:1 | Found a gateway to Hell.
 49588 | Depths:2 | Received a gift from Okawaru
 49654 | Depths:2 | Identified the staff "Kalysy" {*Slow +Blink rElec Int+7
                  | Conj}
 49707 | Depths:2 | an iron dragon changed into a golden dragon
 49707 | Depths:2 | Noticed a golden dragon (glowing shapeshifter)
 49993 | Depths:2 | Found a one-way gate leading to the halls of Pandemonium.
 50204 | Abyss:3  | Cast into level 3 of the Abyss (war gargoyle)
 50290 | Depths:2 | Escaped the Abyss
 50646 | Depths:3 | Noticed Parghit
 50652 | Depths:3 | Killed Parghit
 50937 | Orc:2    | Bought the amulet "Pairozao" {RegenMP rF++ Str+2} for 821
                  | gold pieces
 51335 | Depths:3 | Found a one-way gateway to a ziggurat.
 51355 | Depths:3 | Noticed a golden dragon
 51371 | Depths:3 | Killed a golden dragon
 51371 | Depths:3 | Received a gift from Okawaru
 51760 | Depths:3 | Noticed a juggernaut
 51773 | Depths:3 | Killed a juggernaut
 51774 | Depths:3 | Reached XP level 24. HP: 145/145 MP: 35/35
 51892 | Depths:3 | Received a gift from Okawaru
 51944 | Depths:3 | Identified the +8 hand axe "Ruan Iloqi" {holy, rCorr Int+3}
 51968 | Depths:3 | Identified the +5 plate armour of the Nexus {rPois Dex+5}
 51982 | Depths:3 | Identified the +6 hand axe of Thoughtfulness {speed, +Blink
                  | rCorr Int-3 Dex+7}
 52069 | Depths:4 | Entered Level 4 of the Depths
 52131 | Depths:4 | Got a loosely-bound book
 52385 | Depths:4 | Reached skill level 10 in Armour
 52426 | Depths:4 | Noticed a juggernaut
 52443 | Depths:4 | Killed a juggernaut
 52598 | Depths:4 | Received a gift from Okawaru
 52824 | Depths:4 | Noticed Louise
 52839 | Depths:4 | Killed Louise
 53372 | Depths:4 | Found a gate to the Realm of Zot.
 53676 | Vaults:2 | Bought a scroll of enchant armour for 165 gold pieces
 53676 | Vaults:2 | Bought a scroll of enchant armour for 165 gold pieces
 53991 | Shoals:1 | Bought a wand of acid (4) for 201 gold pieces
 53991 | Shoals:1 | Bought a wand of acid (4) for 201 gold pieces
 54906 | Vaults:5 | Entered Level 5 of the Vaults
 54917 | Vaults:5 | Received a gift from Okawaru
 54930 | Vaults:5 | Noticed a dread lich
 54970 | Vaults:5 | Killed a dread lich
 55262 | Vaults:5 | Reached ****** piety under Okawaru
 55263 | Vaults:5 | Reached XP level 25. HP: 134/151 MP: 35/35
 55265 | Vaults:5 | Acquired a +3 quick blade of flaming
 55265 | Vaults:5 | Received a gift from Okawaru
 55349 | Vaults:5 | Acquired the +2 pair of gloves "Ugefruor" {-Cast rElec
                  | rC+++ Will+}
 55349 | Vaults:5 | Received a gift from Okawaru
 55460 | Vaults:5 | Received a gift from Okawaru
 55489 | Arena    | Entered the Arena
 55784 | Vaults:5 | Identified the +7 scimitar "Xokiroqu" {flame, rF- rC+
                  | Stlth+}
 55857 | Vaults:5 | Got a silver rune of Zot
 55883 | Vaults:5 | Reached skill level 10 in Throwing
 57335 | Elf:1    | Bought a potion of heal wounds for 70 gold pieces
 57335 | Elf:1    | Bought a potion of resistance for 140 gold pieces
 57335 | Elf:1    | Bought a potion of berserk rage for 70 gold pieces
 57335 | Elf:1    | Bought a potion of curing for 42 gold pieces
 57335 | Elf:1    | Bought a potion of resistance for 140 gold pieces
 57354 | Elf:1    | Bought a potion of curing for 105 gold pieces
 57354 | Elf:1    | Bought a scroll of revelation for 262 gold pieces
 57602 | Vaults:4 | Bought a scroll of revelation for 97 gold pieces
 57904 | Shoals:1 | Bought a wand of acid (6) for 302 gold pieces
 57904 | Shoals:1 | Bought a wand of iceblast (4) for 115 gold pieces
 58222 | Vaults:4 | Bought a scroll of fog for 184 gold pieces
 58559 | Shoals:2 | Bought a scroll of teleportation for 300 gold pieces
 58978 | Zot:1    | Entered Level 1 of the Realm of Zot
 59019 | Zot:1    | Received a gift from Okawaru
 59995 | Zot:2    | Identified the +3 ring mail of the Moon {rPois Int+2}
 60591 | Zot:2    | Noticed a Killer Klown
 60629 | Zot:2    | Killed a Killer Klown
 60638 | Zot:2    | Received a gift from Okawaru
 60793 | Zot:2    | Reached skill level 15 in Armour
 60866 | Zot:2    | Reached XP level 26. HP: 131/156 MP: 32/35
 61283 | Zot:3    | Noticed an orb of fire
 61284 | Zot:3    | Gained mutation: You occasionally lose the ability to drink
                  | potions when taking damage. [an orb of fire]
 61302 | Zot:3    | Gained mutation: You are occasionally teleported next to
                  | monsters. [an orb of fire]
 61303 | Zot:3    | Killed an orb of fire
 61304 | Zot:3    | Lost mutation: You are occasionally teleported next to
                  | monsters. [potion of mutation]
 61304 | Zot:3    | Lost mutation: You occasionally lose the ability to drink
                  | potions when taking damage. [potion of mutation]
 61304 | Zot:3    | Gained mutation: You occasionally lose the ability to read
                  | scrolls when taking damage. [potion of mutation]
 61304 | Zot:3    | Gained mutation: You are strong-willed. (Will+) [potion of
                  | mutation]
 61305 | Zot:3    | Lost mutation: You are strong-willed. (Will+) [potion of
                  | mutation]
 61305 | Zot:3    | Lost mutation: You occasionally lose the ability to read
                  | scrolls when taking damage. [potion of mutation]
 61305 | Zot:3    | Gained mutation: Your magical capacity is low. (-10% MP)
                  | [potion of mutation]
 61305 | Zot:3    | Gained mutation: You are weak. (Str -2) [potion of
                  | mutation]
 61305 | Zot:3    | Gained mutation: You have supernaturally acute eyesight.
                  | (SInv) [potion of mutation]
 61904 | Zot:3    | Received a gift from Okawaru
 62807 | Zot:4    | Noticed an orb of fire
 62833 | Zot:4    | Killed an orb of fire
 63153 | Zot:5    | Entered Level 5 of the Realm of Zot
 63255 | Arena    | Entered the Arena
 63777 | Zot:5    | Noticed a dread lich
 63946 | Zot:5    | Noticed an ancient lich
 63974 | Zot:5    | Killed an ancient lich
 64074 | Zot:5    | Killed a dread lich
 64108 | Zot:5    | Noticed a dread lich
 64125 | Zot:5    | Killed a dread lich
 64126 | Zot:5    | Reached XP level 27. HP: 161/161 MP: 31/31
 64138 | Zot:5    | Noticed an orb of fire
 64167 | Zot:5    | Killed an orb of fire
 64185 | Zot:5    | Noticed an orb of fire
 64297 | Zot:5    | Noticed a dread lich
 64325 | Zot:5    | Killed a dread lich
 64360 | Zot:5    | Gained mutation: You sometimes lose your temper in combat.
                  | [an orb of fire]
 64362 | Zot:5    | Noticed a dread lich
 64366 | Zot:5    | Killed an orb of fire
 64370 | Zot:5    | Noticed an orb of fire
 64381 | Zot:5    | Killed a dread lich
 64392 | Zot:5    | Gained mutation: You are very weak. (Str -4) [an orb of
                  | fire]
 64397 | Zot:5    | Killed an orb of fire
 64426 | Zot:5    | Lost mutation: You sometimes lose your temper in combat.
                  | [potion of mutation]
 64426 | Zot:5    | Lost mutation: Your magical capacity is low. (-10% MP)
                  | [potion of mutation]
 64426 | Zot:5    | Lost mutation: You have supernaturally acute eyesight.
                  | (SInv) [potion of mutation]
 64426 | Zot:5    | Gained mutation: You have sharp fingernails. [potion of
                  | mutation]
 64656 | Zot:5    | Noticed an orb of fire
 64762 | Zot:5    | Gained mutation: You are dopey. (Int -2) [an orb of fire]
 64786 | Zot:5    | Killed an orb of fire
 64816 | Zot:5    | Noticed an orb of fire
 64822 | Zot:5    | Gained mutation: Armour fits poorly on your strangely
                  | shaped body. [an orb of fire]
 64835 | Zot:5    | Noticed an orb of fire
 64858 | Zot:5    | Gained mutation: Your magical capacity is low. (-10% MP)
                  | [an orb of fire]
 64868 | Zot:5    | Killed an orb of fire
 64880 | Zot:5    | Killed an orb of fire
 64898 | Zot:5    | Reached skill level 15 in Throwing
 65722 | Zot:5    | Lost mutation: Your magical capacity is low. (-10% MP)
                  | [potion of mutation]
 65722 | Zot:5    | Lost mutation: You are very weak. (Str -4) [potion of
                  | mutation]
 65722 | Zot:5    | Lost mutation: You are dopey. (Int -2) [potion of mutation]
 65722 | Zot:5    | Gained mutation: You have a pair of small horns on your
                  | head. [potion of mutation]
 65722 | Zot:5    | Gained mutation: You are agile. (Dex +4, Str/Int -1)
                  | [potion of mutation]
 65724 | Zot:5    | Got the Orb of Zot
 65929 | Depths:3 | Noticed Lalilix the pandemonium lord
 65935 | Depths:3 | Killed Lalilix the pandemonium lord
 66354 | D:$      | Escaped with the Orb!

Illustrated notes

Levels and vault maps discovered:
D:1:      psy_arrival_radial01, layout_basic, supply_closet_lemuel
D:2:      layout_basic, basic_altar
D:3:      layout_loops_ring, okawaru_ov_weapons_minmay, lemuel_round_altar,
          ebering_ghost_gozag, hangedman_decor_diamond_cutter,
          kennysheep_nondescript
D:4:      layout_basic, vehumet_crystals,
          mainiacjoe_overflow_concentric_impassable
D:5:      layout_basic
D:6:      layout_basic, mainiacjoe_overflow_24_doors,
          minmay_temple_entry_poolview, dreamdust_wishing_well
D:7:      layout_basic
D:8:      layout_loops_ring, elyvilon_altar_4,
          mainiacjoe_overflow_small_starburst, old_standard_altar
D:9:      layout_loops_ring, fedhas_altar_2, mainiacjoe_overflow_brackets,
          riverfiend_overflow_shadow_ancestor, orc_0_dummy,
          minmay_misc_feat_hallway
D:10:     gammafunk_sealed_arena, layout_stronghold, minmay_lair_entry_grove,
          minmay_checkerbox
D:11:     layout_rooms, serial_demonic, serial_demonic_d, serial_demonic_e,
          serial_demonic_c, serial_demonic_b, hangedman_incinerator
D:12:     layout_roguey, uniq_josephine
D:13:     hourglass_vault, layout_layer_cave, erik_vaults_1
D:14:     layout_basic, chequers_serial_rivers_micro_d, gammafunk_ghost_arena
D:15:     grunt_enter_depths_hoard, layout_basic, minivault_24,
          gauntlet_entry_generic, minmay_the_grid_square_5x5_3x3_mashed
          [minmay_the_grid_square_5x5_forky,
          minmay_the_grid_square_5x5_three_walls,
          minmay_the_grid_square_5x5_pentomino_r,
          minmay_the_grid_square_5x5_spiral_small,
          minmay_the_grid_square_5x5_megaprize_hollow,
          minmay_the_grid_square_5x5_fancy_junction,
          minmay_the_grid_square_5x5_hourglass,
          minmay_the_grid_square_5x5_minivault,
          minmay_the_grid_square_5x5_two_walls_a]
Lair:1:   layout_gridlike, basic_altar, pdpol_lair_cavern_descent
Lair:2:   layout_loops_ring, spider_nest_entry_rubble,
          chequers_serial_rivers_micro_d
Lair:3:   layout_cave_pods, shoals_dummy_entry, st_stairs_10
Lair:4:   hangedman_what_comes_after_a, layout_regular_city, slime_entry_1,
          enter_volcano_3
Lair:5:   due_jungle_book, layout_gridlike
Shoals:1: cheibrodos_shoals_baths, layout_shoals, serial_shops,
          nicolae_square_shop, abandoned_shop, nicolae_shop_gadgets
Shoals:2: nicolae_shoals_mermall, layout_shoals, nicolae_shoals_enchanted_isle
Shoals:3: layout_shoals, lemuel_centaur_altar
Shoals:4: shoals_end_hellmonk_holy_island, uniq_kirke, uniq_polyphemus
Spider:1: nicolae_spider_hilbert_zone_2 [nicolae_spider_hilbert_4_sides_1_open,
          nicolae_spider_hilbert_4_sides_1_open,
          nicolae_spider_hilbert_4_sides_1_open,
          nicolae_spider_hilbert_4_sides_1_open,
          nicolae_spider_hilbert_6_sides_1_open,
          nicolae_spider_hilbert_6_sides_1_open,
          nicolae_spider_hilbert_3_sides_1_open,
          nicolae_spider_hilbert_3_sides_1_open,
          nicolae_spider_hilbert_3_sides_1_open,
          nicolae_spider_hilbert_3_sides_1_open,
          nicolae_spider_hilbert_6_sides_1_open,
          nicolae_spider_hilbert_6_sides_1_open,
          nicolae_spider_hilbert_6_sides_1_open,
          nicolae_spider_hilbert_6_sides_1_open], einodemon_crawler_minivault
Spider:2: layout_chambers, beargit_elvish_explorers, uniq_mlioglotl
Spider:3: layout_cave_pods, nicolae_spider_not_touching_you
Spider:4: spider_rune_water
Orc:1:    layout_caves, nicolae_orc_flooded_monolith, uniq_harold, uniq_urug
Orc:2:    st_orc_open, layout_caves, uniq_azrael
Elf:1:    nicolae_elf_arrival_dilemma, layout_gridlike, serial_shops, shop,
          nicolae_shop_industrial_runoff, shop_fountains,
          hangedman_elf_disciples, hellmonk_guarded_unrand_damnation,
          uniq_frances, uniq_asterion
Elf:2:    nicolae_elf_blades_crystal_corner, layout_onion_city, basic_altar,
          serial_shops, shop, uniq_zenata
Elf:3:    minmay_elf_hall_hex, layout_geoelf_octagon, serial_shops, shop
Vaults:1: nicolae_vaults_shock_wave, hangedman_vaults_cutoff,
          nicolae_vaults_network_quinsquares
          [nicolae_vaults_network_quincunx_subvault,
          nicolae_vaults_network_quincunx_subvault,
          nicolae_vaults_network_quincunx_subvault,
          nicolae_vaults_network_quincunx_subvault], nicolae_vaults_wrenched,
          hangedman_vaults_locks, vaults_dpeg_diagonal, hangedman_vaults_slice,
          nicolae_vaults_rhombus_5, nicolae_vaults_shelves_hall,
          nicolae_vaults_trapezoid_lopsided_3, nicolae_vaults_tangram_2,
          ontoclasm_vaults_hangar, layout_vaults_maze_bifur
Vaults:2: mu_enter_wizlab_1, ontoclasm_vaults_ring_square,
          ontoclasm_vaults_idyll, minmay_crypt_entry_necro_gods,
          nicolae_vaults_storage_closets_2, v_misc_2, hangedman_vaults_slice,
          grunt_vaults_trifunnel, nicolae_vaults_prndl,
          nicolae_vaults_diamond_2, nicolae_vaults_storage_room_water,
          nicolae_vaults_frosty_reception, nicolae_vaults_cochlea,
          vaults_dpeg_emergency_exit, layout_vaults_omnibox, serial_shops, shop,
          nicolae_shop_just_a_little_nook, nicolae_shop_window_shopping,
          uniq_frederick
Vaults:3: nicolae_vaults_trapezoid_1, nicolae_vaults_storage_closets_3,
          v_misc_31, v_misc_17, nicolae_vaults_rhombus_7,
          nicolae_vaults_six-pack, nicolae_vaults_theta, layout_vaults_omnigrid,
          serial_shops, bzr_entry_dummy
Vaults:4: hangedman_vaults_slice, v_misc_15,
          nicolae_vaults_trapezoid_lopsided_4, nicolae_vaults_spaceships,
          nicolae_vaults_tetromino_Z_1, v_pattern_4, nicolae_vaults_mitosis,
          nicolae_vaults_prndl, door_vault, nicolae_vaults_weapon_check,
          hangedman_vaults_impose, ontoclasm_vaults_ring_square,
          nicolae_vaults_octothorpe, nicolae_vaults_three_branches,
          vaults_dpeg_ring, layout_vaults_omnicross, serial_shops, shop,
          nicolae_shop_waterfront, shop, nicolae_shop_window_shopping, shop
Vaults:5
Depths:1: layout_gridlike, grunt_hell_entry_demonic_statue,
          abyss_entry_glasseish, nemelex_lonely_heart_becter,
          nicolae_sif_muna_condensation, uniq_sojobo
Depths:2: hangedman_crystal_crosses_colossus [crystal_crosses_arms_four,
          crystal_crosses_arms_two, crystal_crosses_arms_two,
          crystal_crosses_arms_one], serial_shops, hell_entry, pan_entry
Depths:3: minmay_nine_rooms, layout_cave_pools, enter_ziggurat_d, hell_entry,
          rand_demon_pan_entry_3, abyss_entry, corexii_corridor_pit,
          roderic_lattice_octagonal_star, uniq_parghit
Depths:4: evilmike_zot_entry_hall, layout_cave_pools,
          nicolae_abyss_entry_one_way_or_another, hell_entry,
          nicolae_concentric_dashed_squares_wild, minmay_misc_feat_diagonals,
          hangedman_stitches_earthworm
Zot:1:    kennysheep_spiral_hall, layout_cellular_growth
Zot:2:    grunt_deathspiral_small, layout_onion_interference
Zot:3:    gammafunk_mikee_crab_dinner, layout_gridlike, grunt_ministairs_4,
          guppyfry_library_mini
Zot:4:    layout_basic
Zot:5:    layout_concentric_octagons, st_stairs_2, grunt_ministairs_14

Skill      XL: |  1  2  3  4  5  6  7  8  9 10 11 12 13 14 15 16 17 18 19 20 21 22 23 24 25 26 27 |
---------------+----------------------------------------------------------------------------------+-----
Fighting       | 2 3 4 5 6 7 8 9 10 11 13 14 15 16 17 18 20 21 22 | 22.0
Short Blades   | 2 3 4 5 7 8 10 12 13 14 | 14.0
Stealth        | 5 6 7 8 9 10 11 12 13 14 15 16 17 18 19 20 22 | 22.0
Invocations    | 1 3 4 5 7 9 10 11 12 13 14 15 | 15.0
Spellcasting   | 1 2 3 4 |  4.0
Evocations     | 2 4 5 6 7 8 9 10 12 | 12.0
Throwing       | 3 4 5 6 7 8 9 11 13 15 | 15.2
Dodging        | 1 4 5 6 7 8 9 10 11 12 13 14 | 14.0
Armour         | 2 4 6 7 8 9 11 15 17 19 | 19.4
Shields        | 2 5 |  5.0

Action                     |  1- 3 |  4- 6 |  7- 9 | 10-12 | 13-15 | 16-18 | 19-21 | 22-24 | 25-27 || total
---------------------------+-------+-------+-------+-------+-------+-------+-------+-------+-------++-------
  Melee: Dagger            |    72 |    54 |    16 |   595 |       |       |       |       |       ||   737
         Bite              |    12 |    17 |   114 |   263 |   542 |   800 |   958 |  1392 |  2264 ||  6362
         Punch             |     1 |       |     3 |    28 |    52 |    71 |    18 |       |       ||   173
         Short sword       |       |    20 |   344 |       |       |       |       |       |       ||   364
         Rapier            |       |       |       |    21 |  1231 |  1776 |  1807 |  1254 |       ||  6089
         Quick blade       |       |       |       |       |       |       |       |  1133 |  3605 ||  4738
         Headbutt          |       |       |       |       |       |       |       |       |    46 ||    46
  Throw: Dart              |    22 |    37 |    44 |    78 |   113 |   162 |    55 |    50 |   101 ||   662
         Throwing net      |       |       |       |     2 |       |     2 |     3 |       |       ||     7
 Invoke: Heroism           |       |       |     3 |    20 |    45 |    32 |    20 |    17 |    28 ||   165
         Finesse           |       |       |       |     4 |    10 |     3 |     6 |       |     8 ||    31
         Duel              |       |       |       |       |       |     1 |       |       |     2 ||     3
         Receive Weapon    |       |       |       |       |       |       |       |       |     1 ||     1
         Receive Armour    |       |       |       |       |       |       |       |       |     1 ||     1
  Evoke: Wand              |       |       |       |    32 |     7 |    44 |    32 |     6 |     3 ||   124
         Phial of floods   |       |       |       |       |       |     2 |     1 |     1 |       ||     4
         Tin of tremorston |       |       |       |       |       |     2 |     4 |     5 |     4 ||    15
    Use: Scroll            |     1 |     1 |    10 |    23 |    10 |     8 |     8 |    14 |     7 ||    82
         Potion            |       |       |     2 |     4 |     5 |     6 |     1 |     4 |     5 ||    27
   Stab: Sleeping          |     7 |     9 |    10 |    13 |    26 |    25 |    37 |    30 |     1 ||   158
         Distracted        |       |       |     1 |     2 |    10 |     6 |     5 |     6 |     8 ||    38
         Held in net/web   |       |       |       |     3 |       |     1 |     6 |       |       ||    10
         Invisible         |       |       |       |     1 |     7 |    15 |    23 |     8 |    32 ||    86
         Petrified         |       |       |       |       |       |       |     1 |       |       ||     1
         Confused          |       |       |       |       |       |       |       |       |     2 ||     2
 Armour: Robe              |    28 |    31 |   175 |   300 |   314 |       |       |       |       ||   848
         Skin              |       |       |    21 |     9 |     9 |       |    16 |       |       ||    55
         Troll leather arm |       |       |       |       |   105 |       |       |       |       ||   105
         Scale mail        |       |       |       |       |   268 |   974 |   652 |   284 |       ||  2178
         Gold dragon scale |       |       |       |       |       |       |       |   316 |   854 ||  1170
  Dodge: Dodged            |    34 |    37 |   144 |   203 |   547 |  1021 |   873 |   827 |   938 ||  4624
         Repelled          |       |       |       |       |       |       |    13 |    21 |    31 ||    65
  Block: Other             |       |       |       |       |       |   254 |    57 |       |       ||   311
         Reflection        |       |       |       |       |       |    30 |    43 |    21 |       ||    94
         Buckler           |       |       |       |       |       |       |   579 |   499 |   322 ||  1400

Table legend: (Time is in decaauts)
 A = Elapsed time spent in this place.
 B = Non-inter-level travel time spent in this place.
 C = Inter-level travel time spent in this place.
 D = Time resting spent in this place.
 E = Time spent auto-exploring this place.
 F = Levels seen in this place.
 G = Mean time per level.
                   A        B        C        D        E       F      G
               +--------+--------+--------+--------+--------+-----+--------+
         Total |  62033 |  52320 |   9713 |   1372 |  34839 |  56 | 1107.7 |
       Dungeon |  16774 |  12896 |   3878 |    332 |   8674 |  15 | 1118.3 |
          Lair |   9473 |   7842 |   1631 |    258 |   5358 |   5 | 1894.6 |
        Shoals |   4470 |   3767 |    703 |    307 |   1971 |   4 | 1117.5 |
   Spider Nest |   5320 |   5157 |    163 |     38 |   3662 |   4 | 1330.0 |
  Orcish Mines |   1409 |   1094 |    315 |      0 |    761 |   2 |  704.5 |
   Elven Halls |   4153 |   3811 |    342 |    120 |   2592 |   3 | 1384.3 |
        Vaults |   8308 |   6634 |   1674 |    118 |   4842 |   5 | 1661.6 |
        Depths |   4849 |   4068 |    781 |     26 |   2531 |   4 | 1212.2 |
           Zot |   6015 |   5793 |    222 |    151 |   3878 |   5 | 1203.0 |
         Abyss |    111 |    111 |      0 |      0 |     87 |   2 |   55.5 |
        Bazaar |     80 |     80 |      0 |      0 |     39 |   1 |   80.0 |
       Volcano |     91 |     91 |      0 |      0 |      0 |   1 |   91.0 |
        Wizlab |    576 |    576 |      0 |      0 |    214 |   1 |  576.0 |
      Gauntlet |    344 |    344 |      0 |      0 |    227 |   1 |  344.0 |
         Arena |     51 |     51 |      0 |     20 |      0 |   3 |   17.0 |
               +--------+--------+--------+--------+--------+-----+--------+

Top non-repeatable levels by time:
  Lair:4: 2723 daAuts
  Lair:1: 2273 daAuts
   Zot:5: 2263 daAuts
    D:13: 2088 daAuts
    D:10: 1953 daAuts
Vaults:5: 1941 daAuts
Vaults:1: 1757 daAuts
   Elf:3: 1725 daAuts
  Lair:3: 1724 daAuts
Vaults:4: 1715 daAuts
Spider:2: 1647 daAuts
Vaults:2: 1588 daAuts
    D:11: 1556 daAuts
     D:9: 1417 daAuts
  Lair:2: 1416 daAuts
